 Dungeon Crawl Stone Soup version 0.20-a0-1074-g6a0a8e1 (webtiles) character file.

61 Alarkh the Chopper (level 3, 0/29 HPs)
             Began as a Demonspawn Monk on Apr 29, 2017.
             Slain by an orc priest
             ... wielding a +0 whip
              (2 damage)
             ... on level 3 of the Dungeon.
             The game lasted 00:01:24 (2105 turns).

Alarkh the Chopper (Demonspawn Monk)                Turns: 2105, Time: 00:01:25

Health: 0/29       AC:  2    Str: 11    XL:     3   Next: 83%
Magic:  3/3        EV: 18    Int: 15    God:
Gold:   15         SH:  2    Dex: 20    Spells: 2/2 levels left

rFire    . . .     SeeInvis .   a - +0 hand axe
rCold    . . .     Gourm    .   (no shield)
rNeg     . . .     Faith    .   b - +0 robe
rPois    .         Spirit   .   (no helmet)
rElec    .         Reflect  +   (no cloak)
rCorr    .         Harm     .   (no gloves)
MR       .....                  (no boots)
Stlth    ++++......             i - +2 amulet of reflection
Regen    0.1/turn               f - +3 ring of intelligence
MPRegen  0.1/turn               (no ring)

@: agile
A: nightstalker 1
a: no special abilities


You were on level 3 of the Dungeon.
You were not hungry.

You visited 1 branch of the dungeon, and saw 3 of its levels.

You collected 15 gold pieces.

Inventory:

Hand Weapons
 a - a +0 hand axe (weapon)
Armour
 b - a +0 robe (worn)
Jewellery
 f - a +3 ring of intelligence (left hand)
 i - a +2 amulet of reflection (around neck)
Scrolls
 e - a scroll of teleportation {unknown}
 g - a scroll of immolation {unknown}
 h - a scroll of amnesia {unknown}
 k - 3 scrolls of identify {unknown}
 m - a scroll of recharging {unknown}
 n - a scroll of noise {unknown}
Potions
 l - a potion of flight
Comestibles
 c - 2 bread rations
 j - 2 meat rations
 o - 2 chunks of flesh


   Skills:
 - Level 3.0 Fighting
 + Level 4.3 Axes
 - Level 2.6 Dodging
 - Level 1.7 Stealth


You had 2 spell levels left.
You didn't know any spells.

Dungeon Overview and Level Annotations

Branches:
Dungeon (3/15)

Altars:
Nemelex Xobeh
Trog


Innate Abilities, Weirdness & Mutations

You are slightly more attuned to the shadows.


Message History

The orc hits you with a short sword.
You completely miss the orc. You closely miss the orc.
The orc hits you with a flail!
You closely miss the orc. x2; The orc barely misses you.
The orc hits you but does no damage.
You barely miss the orc priest. You barely miss the orc. You hit the orc.
The orc priest casts a cantrip, but nothing happens.
The orc barely misses you. The orc hits you with a flail.
You are too injured to fight recklessly!
You are too injured to fight recklessly!
You are too injured to fight recklessly!
You are too injured to fight recklessly!
There are monsters nearby!
You feel agile all of a sudden.
The orc priest invokes the aid of Beogh against you.
Beogh smites you!
* * * LOW HITPOINT WARNING * * *
The orc completely misses you. The orc priest hits you with a whip.
You die...

####### ..##..
#.##.# #####
##.##.#.##.#
#..o##.............
#.#.o.....#..#.##..
#.oo# ....#.##..
##@## #... ..##..
## #.# .....#####.
###.##.## ..... ##.
...)....####....
#..
................
#.#
#.#......$####..
#.#
##.###..#).####..
#.#
.##...##..........#
#.#
...._.#...#.#.###.#
#.#


You could see an orc priest and 3 orcs.

Vanquished Creatures
  An adder (D:2)
  2 worms (D:2)
  A dart slug (D:3)
  2 leopard geckos
  7 bats
  2 giant cockroaches
  2 goblins
  2 hobgoblins
  7 jackals
  2 ball pythons
  A frilled lizard (D:3)
  5 kobolds
  7 rats (D:1)
41 creatures vanquished.

Notes
Turn   | Place    | Note
-------+----------+-------------------------------------------
     0 | D:1      | Alarkh the Demonspawn Monk began the quest for the Orb.
     0 | D:1      | Reached XP level 1. HP: 18/18 MP: 1/1
   123 | D:1      | Reached skill level 3 in Axes
   320 | D:1      | Gained mutation: You are slightly more attuned to the shadows. [demonic ancestry]
   320 | D:1      | Reached XP level 2. HP: 16/24 MP: 2/2
  1279 | D:2      | Reached XP level 3. HP: 20/29 MP: 3/3
  1534 | D:2      | Reached skill level 4 in Axes
  1753 | D:2      | Found a sparkling altar of Nemelex Xobeh.
  2071 | D:3      | Found a bloodstained altar of Trog.
  2105 | D:3      | Slain by an orc priest

Vault maps used:
D:1:      dpeg_arrival_ternary, grunt_decor_resistance
D:2:      nemelex_altar_shiori, first_bread
D:3:      trog_three_pillars_becter

Skill      XL: |  1  2  3 |
---------------+----------+-----
Axes           | 3 4 |  4.3
Fighting       | |  3.0
Dodging        | |  2.6
Stealth        | |  1.7

Action                   || total
-------------------------++-------
Melee: Hand axe          ||   146
  Use: Potion            ||     3
 Stab: Sleeping          ||     8
  Eat: Chunk             ||     4
Armor: Robe              ||    30
Dodge: Dodged            ||   118
Block: Other             ||    10
